 Dungeon Crawl Stone Soup version 0.27.1-3-gb3d3a73c9e (webtiles) character file.

Game seed: 2156599483982409265

140 Crownlay the Skirmisher (level 5, 0/47 HPs)
             Began as a Hill Orc Fighter on Oct 19, 2021.
             Was a Believer of Qazlal.
             Slain by Duvessa (8 damage)
             ... on level 4 of the Dungeon.
             The game lasted 00:05:41 (3197 turns).

Crownlay the Skirmisher (Hill Orc Fighter)          Turns: 3197, Time: 00:05:42

Health: 0/47       AC:  8    Str: 20    XL:     5   Next: 22%
Magic:  5/5        EV: 13    Int:  8    God:    Qazlal [**....]
Gold:   106        SH:  2    Dex: 10    Spells: 4/4 levels left

rFire    . . .     SeeInvis .   a - +0 war axe
rCold    . . .     Faith    .   (no shield)
rNeg     . . .     Spirit   .   b - +0 scale mail
rPois    .         Reflect  .   (no helmet)
rElec    .         Harm     .   (no cloak)
rCorr    .         Rampage  .   i - +0 pair of gloves
Will     .....                  (no boots)
Stlth    ..........             (no amulet)
HPRegen  0.15/turn              f - +4 ring of evasion
MPRegen  0.09/turn              (no ring)

@: mighty
A: no striking features
a: Renounce Religion, Upheaval


You were on level 4 of the Dungeon.
You worshipped Qazlal.
Qazlal was pleased with you.
You visited 1 branch of the dungeon, and saw 4 of its levels.

You collected 106 gold pieces.

Inventory:

Hand Weapons
 a - a +0 war axe (weapon)
Armour
 b - a +0 scale mail (worn)
 c - a +0 kite shield
 i - a +0 pair of gloves (worn)
Jewellery
 f - a +4 ring of evasion (left hand)
 o - an amulet of reflection
Wands
 p - a wand of digging (5)
Scrolls
 h - a scroll of enchant weapon {unknown}
 j - a scroll of amnesia {unknown}
 m - a scroll of immolation {unknown}
 n - 2 scrolls of magic mapping {unknown}
 s - a scroll of fear {unknown}
Potions
 e - a potion of heal wounds {unknown}
 g - a potion of magic {unknown}
 k - a potion of degeneration {unknown}
 l - a potion of cancellation {unknown}
 q - a potion of flight {unknown}
 r - a potion of brilliance {unknown}


   Skills:
 + Level 4.6 Fighting
 + Level 4.2 Axes
 + Level 4.2 Armour
 + Level 4.2 Shields


You had 4 spell levels left.
You didn't know any spells.
Your spell library was empty.

Dungeon Overview and Level Annotations

Branches:
Dungeon (4/15)
 Temple: D:4-7

Altars:
Qazlal
Xom

Annotations:
D:4 Dowan, Duvessa


Message History

The hound is severely wounded.
The hound closely misses you. The hound barely misses you.
You slash the hound!
You kill the hound!
Qazlal accepts your kill.
You have reached level 5!
You feel stronger.
You open the door.
Found a stone staircase leading down.
No target in view!
No target in view!
There is an open door here.
Duvessa, Sister of Dowan comes into view.
She is wielding a +0 short sword.
You see here a hound corpse.
Dowan, Brother of Duvessa comes into view.
He is wielding a +3 dagger of speed.
Duvessa shouts!
Dowan shouts!
Dowan gestures at you while chanting. The puff of flame hits you!
You see here a hound corpse.
Dowan says, "Stay away from my face!"
Dowan gestures at Duvessa while chanting.
Duvessa seems to speed up.
Dowan points at you and mumbles some strange words.
The puff of flame hits you. Duvessa hits you with a +0 short sword.
Duvessa hits you with a +0 short sword. Duvessa hits you with a +0 short sword.
Duvessa hits you with a +0 short sword.
You feel very mighty all of a sudden.
Duvessa hits you with a +0 short sword. x2
* * * LOW HITPOINT WARNING * * *
You completely miss Duvessa.
Duvessa says, "When magic and the sword combine, nothing stands against them."
You block Duvessa's attack.
Dowan gestures wildly while chanting.
Dowan blinks!
Duvessa hits you with a +0 short sword.
* * * LOW HITPOINT WARNING * * *
You closely miss Duvessa. Duvessa hits you but does no damage.
Duvessa hits you with a +0 short sword!
You die...

#....### ..#
##.....# ...
#.....# ...
#.....#
#.....##
###....#
#....# #e...#
#. #@...# #..
#....#
#P.#####....#
+........#+##
#P.......#
#........+
##........#
......e...#
..........#


You could see Duvessa (fast) and Dowan.

Vanquished Creatures
  A hound (D:4)
  4 adders
  A dart slug (D:1)
  An orc (D:3)
  4 endoplasms
  3 giant cockroaches
  6 goblins
  9 hobgoblins
  3 jackals (D:1)
  7 kobolds
  3 quokkas
  6 ball pythons
  11 bats
  3 frilled lizards
  5 rats
67 creatures vanquished.

Vanquished Creatures (others)
  2 fungi (D:1)
  A plant (D:1)
3 creatures vanquished.

Grand Total: 70 creatures vanquished

Notes
Turn   | Place    | Note
-------+----------+-------------------------------------------
     0 | D:1      | Crownlay the Hill Orc Fighter began the quest for the Orb.
     0 | D:1      | Reached XP level 1. HP: 19/19 MP: 1/1
   366 | D:1      | Reached XP level 2. HP: 24/27 MP: 2/2
   818 | D:1      | Reached XP level 3. HP: 30/33 MP: 3/3
  1052 | D:1      | Found a faded altar of an unknown god.
  1083 | D:1      | Became a worshipper of Qazlal Stormbringer
  1083 | D:1      | Reached * piety under Qazlal
  1634 | D:2      | Reached XP level 4. HP: 40/40 MP: 4/4
  1885 | D:2      | Found a shimmering altar of Xom.
  2937 | D:3      | Reached ** piety under Qazlal
  3160 | D:4      | Found a shimmering altar of Xom.
  3170 | D:4      | Reached XP level 5. HP: 47/47 MP: 5/5
  3174 | D:4      | Noticed Duvessa
  3175 | D:4      | Noticed Dowan
  3197 | D:4      | Slain by Duvessa

Illustrated notes

Levels and vault maps discovered:
D:1:      zelgadis_glass_arrival_small, layout_loops_ring,
          shapermc_ecumenical_altar_mp_urbaneastern, minmay_misc_feat_tiny
D:2:      layout_basic, basic_altar
D:3:      layout_basic
D:4:      layout_gridville, xom_butterflies,
          mainiacjoe_overflow_surrounded_room, cheibrodos_gnoll_hut, uniq_robin,
          uniq_duvessa, uniq_grinder

Skill      XL: |  1  2  3  4 |
---------------+-------------+-----
Axes           | 3 4 |  4.2
Fighting       | 4 |  4.6
Armour         | 4 |  4.2
Shields        | 4 |  4.2

Action                   |  1- 3 |  4- 6 || total
-------------------------+-------+-------++-------
Melee: War axe           |   120 |    63 ||   183
  Use: Potion            |       |     1 ||     1
Armor: Scale mail        |    55 |    18 ||    73
Dodge: Dodged            |    80 |    58 ||   138
Block: Other             |       |     5 ||     5
